 Dungeon Crawl Stone Soup version 0.29-a0-542-g075992c915 (webtiles) character file.

Game seed: 7735535833463349346

6 Crownlay the Digger (level 1, 0/10 HPs)
             Began as a Gargoyle Earth Elementalist on June 4, 2022.
             Slain by a hobgoblin (3 damage)
             ... on level 1 of the Dungeon.
             The game lasted 00:00:30 (199 turns).

Crownlay the Digger (Gargoyle Earth Elementalist)    Turns: 199, Time: 00:00:30

Health: 0/10       AC:  5    Str: 11    XL:     1   Next: 90%
Magic:  1/3        EV: 11    Int: 15    God:
Gold:   41         SH:  0    Dex: 10    Spells: 3/4 levels left

rFire   . . .      SeeInvis .   g - +0 dagger
rCold   . . .      Faith    .   (no shield)
rNeg    + . .      Spirit   .   b - +0 robe
rPois   ∞          Reflect  .   (no helmet)
rElec   +          Harm     .   (no cloak)
rCorr   .          Rampage  .   f - +0 pair of gloves
Will    .....                   (no boots)
Stlth   ++........              (no amulet)
HPRegen 0.03/turn               (no ring)
MPRegen 0.08/turn               (no ring)

@: no status effects
A: sickness immunity, AC +2, negative energy resistance 1, electricity
resistance, torment resistance 1, petrification resistance
a: no special abilities


You were on level 1 of the Dungeon.
You visited 1 branch of the dungeon, and saw 1 of its levels.

You collected 41 gold pieces.

Inventory:

Hand Weapons
 g - a +0 dagger (weapon)
Missiles
 a - 22 stones
Armour
 b - a +0 robe (worn)
 f - a +0 pair of gloves (worn)
Jewellery
 d - a ring of positive energy
Scrolls
 e - a scroll of noise {unknown}
Potions
 c - a potion of magic


   Skills:
 - Level 1.5 Dodging
 - Level 2.1 Stealth
 * Level 2.3 Spellcasting
 - Level 0.7 Transmutations
 + Level 3.8 Earth Magic


You had 3 spell levels left.
You knew the following spells:

 Your Spells              Type           Power      Damage    Failure   Level
a - Sandblast             Erth           26%        2d8       4%          1

Your spell library contained the following spells:

 Spells                   Type           Power      Damage    Failure   Level
 Passwall                 Tmut/Erth      6%         N/A       13%         2
 Stone Arrow              Conj/Erth      14%        3d7       28%         3
 Petrify                  Tmut/Erth      8%         N/A       63%         4


Dungeon Overview and Level Annotations

Branches:
Dungeon (1/15)

Altars:


Innate Abilities, Weirdness & Mutations

You are immune to sickness and miasma.
Your stone body is resilient. (AC +2)
You are immune to poison.
You resist negative energy. (rN+)
You are resistant to electric shocks. (rElec)
You are resistant to unholy torment.
You are immune to petrification.


Message History

Press: ? - help, Shift-Dir - straight line, f - giant cockroach
Aim: a giant cockroach (79% to hit)
Okay, then.
You hit the giant cockroach.
The giant cockroach is moderately wounded.
The giant cockroach misses you.
You hit the giant cockroach.
The giant cockroach is heavily wounded.
The giant cockroach bites you.
You barely miss the giant cockroach.
The giant cockroach is heavily wounded.
The giant cockroach barely misses you.
You hit the giant cockroach but do no damage.
The giant cockroach is heavily wounded.
The giant cockroach closely misses you.
Casting: Sandblast (safe; 4% risk of failure)
Confirm with . or Enter, or press ? or * to list all spells.
Aiming: Sandblast (safe; 4% risk of failure)
Press: ? - help, Shift-Dir - straight line, f - giant cockroach
Aim: a giant cockroach (heavily wounded, 79% to hit)
The blast of sand hits the giant cockroach.
You kill the giant cockroach!
Casting: Sandblast (safe; 4% risk of failure)
Confirm with . or Enter, or press ? or * to list all spells.
You don't have enough magic to cast this spell.
Unknown command.
You closely miss the hobgoblin. The hobgoblin barely misses you.
You closely miss the hobgoblin. The hobgoblin barely misses you.
You hit the hobgoblin but do no damage. The hobgoblin barely misses you.
You hit the hobgoblin.
The hobgoblin is lightly wounded.
The hobgoblin hits you.
* * * LOW HITPOINT WARNING * * *
You hit the hobgoblin but do no damage.
The hobgoblin is lightly wounded.
The hobgoblin hits you but does no damage.
You barely miss the hobgoblin.
The hobgoblin is lightly wounded.
The hobgoblin hits you.
You die...

..#..........≈≈.≈≈≈.≈≈≈≈≈≈≈≈...
..#.........≈≈≈≈...≈≈≈≈≈≈≈≈≈...#
............≈≈≈≈≈≈≈≈≈≈≈≈≈≈≈≈...#
..#.....###.≈≈≈8≈≈≈≈≈≈≈≈8≈≈≈....#
..#.....# #.#≈≈≈≈≈≈≈≈≈≈≈≈≈≈#....#
..##.######.##≈≈≈≈≈≈≈≈≈≈≈≈##....#
..##.#........#≈≈≈≈
...#.#....†...#####
.....#........##@#
...#.#....#...##g####.##
.........P..........
......PP.♣PP.)......
......P.PPP.........
.....♣.♣...........
....♣P♣........... ..♣
P..P#........# .. PP...........#


You could see a hobgoblin.

Vanquished Creatures
  A bat (D:1)
  A giant cockroach (D:1)
  A goblin (D:1)
  A hobgoblin (D:1)
  A kobold (D:1)
5 creatures vanquished.

Notes
Turn   | Place    | Note
-------+----------+-------------------------------------------
     0 | D:1      | Crownlay the Gargoyle Earth Elementalist began the quest
                  | for the Orb.
     0 | D:1      | Reached XP level 1. HP: 10/10 MP: 3/3
   199 | D:1      | Slain by a hobgoblin

Illustrated notes

Levels and vault maps discovered:
D:1:      nzn_arrival_water_spiral, layout_basic, serial_forest,
          infiniplex_forest_clump_diagonal, infiniplex_forest_zigzag_1,
          infiniplex_forest_zigzag_1, infiniplex_forest_clump_double,
          infiniplex_forest_lined_1, infiniplex_forest_straight_4,
          nicolae_wormholes

Action                   || total
-------------------------++-------
Melee: Dagger            ||    15
 Cast: Sandblast         ||     8
Armor: Robe              ||     3
Dodge: Dodged            ||    12

Table legend: (Time is in decaauts)
 A = Elapsed time spent in this place.
 B = Non-inter-level travel time spent in this place.
 C = Inter-level travel time spent in this place.
 D = Time resting spent in this place.
 E = Time spent auto-exploring this place.
 F = Levels seen in this place.
 G = Mean time per level.
                   A        B        C        D        E       F      G
               +--------+--------+--------+--------+--------+-----+--------+
         Total |    198 |    198 |      0 |      0 |    148 |   1 |  198.0 |
       Dungeon |    198 |    198 |      0 |      0 |    148 |   1 |  198.0 |
               +--------+--------+--------+--------+--------+-----+--------+

Top non-repeatable levels by time:
     D:1: 198 daAuts
